 Dungeon Crawl Stone Soup version 0.20.1-1-g8b1a95d (webtiles) character file.

2998 Internecine the Thaumaturge (level 9, -1/47 HPs)
             Began as a Deep Elf Fire Elementalist on Sept 24, 2017.
             Was an Elder of Elyvilon.
             Slain by an orc warrior
             ... wielding a +0 halberd
              (20 damage)
             ... on level 7 of the Dungeon on Sept 25, 2017.
             The game lasted 02:40:32 (9205 turns).

Internecine the Thaumaturge (DEFE)                  Turns: 9205, Time: 02:40:32

Health: -1/47      AC:  8    Str:  7    XL:     9   Next: 54%
Magic:  7/24       EV: 15    Int: 22    God:    Elyvilon [****..]
Gold:   422        SH:  0    Dex: 15    Spells: 4/27 levels left

rFire    . . .     SeeInvis .   w - +1 war axe (flame)
rCold    . . .     Gourm    .   (no shield)
rNeg     . . .     Faith    .   D - +1 troll leather armour
rPois    .         Spirit   .   n - +2 helmet
rElec    .         Reflect  .   (no cloak)
rCorr    .         Harm     .   (no gloves)
MR       .....                  (no boots)
Stlth    ++........             (no amulet)
Regen    0.6/turn               v - +2 ring of evasion
MPRegen  0.2/turn               d - ring of wizardry

@: no status effects
A: no striking features
a: Lesser Healing, Heal Other, Purification, Greater Healing, Divine Protection,
Renounce Religion


You were on level 7 of the Dungeon.
You worshipped Elyvilon.
Elyvilon was greatly pleased with you.
You were not hungry.

You visited 2 branches of the dungeon, and saw 8 of its levels.

You collected 422 gold pieces.

Inventory:

Hand Weapons
 f - a +0 long sword
 w - a +1 war axe of flaming (weapon)
 I - a +3 hand axe
 L - a +3 halberd
 M - a +0 shortbow
 S - a +0 antimagic whip
 T - a +0 rapier
Missiles
 a - 4 javelins (quivered)
 k - 94 sling bullets
 p - 141 stones
 r - 77 arrows
 t - 8 tomahawks
 N - 35 bolts
Armour
 n - a +2 helmet (worn)
 s - a +0 helmet
 x - a +0 buckler
 D - a +1 troll leather armour (worn)
Jewellery
 d - a ring of wizardry (right hand)
 v - a +2 ring of evasion (left hand)
 A - an uncursed ring of stealth
Wands
 h - a wand of lightning (9/15)
 u - a wand of paralysis (14/24)
 O - a wand of disintegration (7/24)
 X - a wand of flame (30/48)
 Y - a wand of iceblast (0/15)
Scrolls
 e - 3 scrolls of fear
 i - a scroll of remove curse
 l - 2 scrolls of teleportation
 E - a scroll of amnesia
Potions
 g - 2 potions of lignification
 j - a potion of might
 m - a potion of resistance {unknown}
 q - a potion of ambrosia
 z - a potion of mutation {unknown}
 C - a potion of haste {unknown}
 G - a potion of berserk rage {unknown}
 J - a potion of curing
 K - a potion of flight {unknown}
Books
 b - a book of Flames

   Spells                             Type                      Level
   a - Flame Tongue                   Conjuration/Fire             1
   b - Throw Flame                    Conjuration/Fire             2
   c - Conjure Flame                  Conjuration/Fire             3
   d - Inner Flame                    Hexes/Fire                   3
   e - Sticky Flame                   Conjuration/Fire             4
   f - Fireball                       Conjuration/Fire             5
 o - a book of Burglary

   Spells                             Type                      Level
   a - Swiftness                      Charms/Air                   2
   b - Passwall                       Transmutation/Earth          2
   c - Passage of Golubria            Translocation                4
   d - Lee's Rapid Deconstruction     Earth                        5
   e - Darkness                       Hexes                        6
   f - Invisibility                   Hexes                        6
Comestibles
 c - 8 bread rations
 B - 8 royal jellies


   Skills:
 + Level 1.5 Fighting
 + Level 1.0 Axes
 + Level 2.4 Bows
 + Level 2.0 Throwing
 + Level 3.0 Armour
 + Level 3.4 Dodging
 + Level 3.5 Stealth
 + Level 0.8 Shields
 + Level 9.7 Spellcasting
 + Level 6.8 Conjurations
 + Level 7.8 Fire Magic
 + Level 1.0 Evocations


You had 4 spell levels left.
You knew the following spells:

 Your Spells              Type           Power        Failure   Level  Hunger
a - Flame Tongue          Conj/Fire      #####        1%          1    None
b - Conjure Flame         Conj/Fire      #####...     1%          3    None
c - Throw Flame           Conj/Fire      #####.       1%          2    None
d - Sticky Flame          Conj/Fire      #####...     1%          4    ##.....
e - Fireball              Conj/Fire      #####.....   4%          5    ####...
f - Swiftness             Chrm/Air       ##......     6%          2    None
g - Invisibility          Hex            ##......     99%         6    ######.


Dungeon Overview and Level Annotations

Branches:
Dungeon (7/15)             Temple (1/1) D:6

Altars:
Cheibriados
Elyvilon
Fedhas
Gozag
Hepliaklqana
Kikubaaqudgha
Makhleb
Nemelex Xobeh
Okawaru
Qazlal
Ru
Sif Muna
Trog
Uskayaw
Vehumet
Xom
Yredelemnul
Zin
The Shining One


Message History

The orc barely misses you.
Casting: Flame Tongue
Confirm with . or Enter, or press ? or * to list all spells.
Aiming: Conjure Flame
Press: ? - help, Dir - move target cursor The fire ignites!
The orc warrior hits you from afar with a halberd!!
The orc warrior hits you from afar with a halberd!
* * * LOW HITPOINT WARNING * * *
The orc hits you but does no damage. The crimson imp closely misses you.
You are confused.
You feel invigorated. The orc warrior barely misses you.
The orc closely misses you.
The crimson imp hits you but does no damage.
The orc warrior closely misses you.
You feel better.
You feel less invigorated. The orc warrior barely misses you.
The orc misses you.
The crimson imp hits you but does no damage.
The orc warrior hits you from afar with a halberd!!
You die...

#$..(..(# #.8.oo8(# ....o.5
#########....(##### #......#
8.)(8##..# #.###### )))#
##.# #####.##...####)#####.#
#..........o#o..##.##.#####
#.###.##..5@§o...#........#
#.# #.#####.#o..#####.###.#
#.# #.......##.######.# #.#
#.############^.......###.##
#...# #.########..... ###.#
##+## #.#.## #.# ##...##
#.#... #.## ##....?## #.###.
#..## ##.......## #..##.


You could see 2 orc warriors, a crimson imp and 2 orcs.

Vanquished Creatures
  A spriggan (D:7)
  The ghost of Arsonius the Bolt Thrower, an amateur NaHu of Cheibriados (D:3)
  An orc warrior (D:7)
  An ice beast (D:7)
  A phantom (D:4)
  3 sky beasts
  5 centaurs
  4 ogres
  A bullfrog (D:6)
  2 scorpions
  3 wights (D:5)
  A crimson imp (D:7)
  A bullfrog zombie (D:6)
  A howler monkey (D:5)
  A quasit (D:6)
  2 hounds
  11 orc wizards
  6 orc priests
  2 iguanas
  5 worker ants
  2 hound skeletons (D:5)
  8 adders
  2 shadow imps
  An ooze (D:3)
  An adder skeleton (D:4)
  4 worms
  4 dart slugs
  6 leopard geckos
  32 orcs
  A giant cockroach (D:1)
  9 hobgoblins
  3 jackals (D:2)
  12 kobolds
  6 quokkas
  2 ball pythons
  9 bats
  8 frilled lizards
  2 giant cockroach zombies
  7 goblins
  A leopard gecko zombie (D:5)
  10 rats
183 creatures vanquished.

Vanquished Creatures (others)
  A wizard (D:6)
1 creature vanquished.

Grand Total: 184 creatures vanquished

Notes
Turn   | Place    | Note
-------+----------+-------------------------------------------
     0 | D:1      | Internecine the Deep Elf Fire Elementalist began the quest for the Orb.
     0 | D:1      | Reached XP level 1. HP: 10/10 MP: 6/6
   239 | D:1      | Reached XP level 2. HP: 15/15 MP: 5/8
   835 | D:1      | Reached XP level 3. HP: 17/19 MP: 3/9
  1105 | D:2      | Learned a level 3 spell: Conjure Flame
  1795 | D:2      | Found a white marble altar of Elyvilon.
  1800 | D:2      | Reached XP level 4. HP: 19/24 MP: 8/11
  1809 | D:2      | Became a worshipper of Elyvilon the Healer
  2041 | D:2      | Reached skill level 4 in Spellcasting
  2282 | D:3      | Noticed an ogre
  2293 | D:3      | Killed an ogre
  2293 | D:3      | Reached skill level 5 in Spellcasting
  2293 | D:3      | Reached XP level 5. HP: 28/28 MP: 4/14
  2370 | D:3      | Reached skill level 1 in Armour
  2761 | D:3      | Reached XP level 6. HP: 20/32 MP: 8/16
  2768 | D:3      | Reached skill level 5 in Fire Magic
  2846 | D:3      | Noticed Arsonius's ghost (amateur NaHu)
  2859 | D:3      | Killed Arsonius's ghost
  2859 | D:3      | Reached skill level 6 in Spellcasting
  2859 | D:3      | Reached XP level 7. HP: 37/37 MP: 1/18
  3603 | D:3      | Found a sparkling altar of Nemelex Xobeh.
  3768 | D:4      | Reached * piety under Elyvilon
  3872 | D:4      | Learned a level 2 spell: Throw Flame
  3882 | D:4      | Learned a level 4 spell: Sticky Flame
  3888 | D:4      | Learned a level 5 spell: Fireball
  4362 | D:4      | Reached skill level 7 in Spellcasting
  4409 | D:4      | Reached skill level 1 in Fighting
  4925 | D:5      | Entered Level 5 of the Dungeon
  4929 | D:5      | Reached XP level 8. HP: 43/43 MP: 17/21
  5039 | D:5      | Reached ** piety under Elyvilon
  5257 | D:5      | Reached skill level 1 in Throwing
  5257 | D:5      | Reached skill level 8 in Spellcasting
  5262 | D:5      | Reached skill level 1 in Bows
  5265 | D:5      | Reached skill level 5 in Conjurations
  5906 | D:5      | Found a deep blue altar of Sif Muna.
  5947 | D:5      | Found a faded altar of an unknown god.
  5947 | D:5      | Found a bloodstained altar of Trog.
  5955 | D:5      | Found a faded altar of an unknown god.
  5958 | D:5      | Found a snail-covered altar of Cheibriados.
  5960 | D:5      | Found an iron altar of Okawaru.
  6122 | D:5      | Reached skill level 1 in Evocations
  6607 | D:6      | Found a staircase to the Ecumenical Temple.
  6675 | Temple   | Entered the Ecumenical Temple
  6679 | Temple   | Reached *** piety under Elyvilon
  7140 | D:6      | Reached XP level 9. HP: 35/47 MP: 17/23
  7171 | D:6      | Reached skill level 9 in Spellcasting
  7306 | D:6      | Found a bloodstained altar of Trog.
  7310 | D:6      | Noticed a wizard
  7314 | D:6      | Killed a wizard
  8135 | D:7      | Reached **** piety under Elyvilon
  8695 | D:7      | Reached skill level 1 in Axes
  8979 | D:7      | Found a runed door.
  9048 | D:7      | Learned a level 2 spell: Swiftness
  9055 | D:7      | Learned a level 6 spell: Invisibility
  9205 | D:7      | Slain by an orc warrior

Skill      XL: |  1  2  3  4  5  6  7  8  9 |
---------------+----------------------------+-----
Fire Magic     | 4 5 6 7 |  7.8
Conjurations   | 2 3 4 5 6 |  6.8
Spellcasting   | 5 6 7 8 9 |  9.7
Armour         | 1 2 3 |  3.0
Stealth        | 3 |  3.5
Fighting       | 1 |  1.5
Throwing       | 1 2 |  2.0
Bows           | 1 2 |  2.4
Dodging        | 3 |  3.4
Evocations     | 1 |  1.0
Axes           | 1 |  1.0
Shields        | |  0.8

Action                   |  1- 3 |  4- 6 |  7- 9 || total
-------------------------+-------+-------+-------++-------
Melee: Dagger            |    17 |       |       ||    17
       Short sword       |     4 |     8 |     2 ||    14
       War axe           |       |       |    18 ||    18
       Rapier            |       |       |     2 ||     2
       Hand axe          |       |       |     8 ||     8
 Fire: Shortbow          |       |       |    40 ||    40
Throw: Stone             |     2 |     2 |       ||     4
       Javelin           |       |       |    27 ||    27
 Cast: Flame Tongue      |    76 |    63 |   164 ||   303
       Conjure Flame     |     2 |     4 |    13 ||    19
       Throw Flame       |       |       |    99 ||    99
       Fireball          |       |       |     6 ||     6
Evoke: Wand              |       |     5 |     2 ||     7
  Use: Scroll            |       |     4 |    18 ||    22
       Potion            |       |     2 |     7 ||     9
  Eat: Chunk             |     3 |     3 |    10 ||    16
       Meat ration       |       |       |     1 ||     1
       Bread ration      |       |       |     2 ||     2
Armor: Robe              |     8 |       |       ||     8
       Leather armour    |     2 |     3 |       ||     5
       Troll leather arm |       |     3 |    26 ||    29
Dodge: Dodged            |    20 |    24 |   102 ||   146
Block: Buckler           |    10 |     3 |    14 ||    27
